 Dungeon Crawl Stone Soup version bcrawl-1.34.3 (webtiles) character file.

Game seed: 12411173064507445752

332704 KristoblXynda the Carver (level 11, -15/99 HPs)
             Began as a White Draconian Gladiator on Oct 8, 2021.
             Was a High Priest of Okawaru.
             Demolished by Gastronok (31 damage)
             ... on level 9 of the Dungeon.
             The game lasted 00:18:27 (10875 turns).

KristoblXynda the Carver (DrGl)                    Turns: 10875, Time: 00:18:27

Health: -15/99     AC: 11    Str: 17    XL:     11   Next: 26%
Magic:  14/15      EV: 20    Int: 11    God:    Okawaru [*****.]
Gold:   660        SH:  4    Dex: 13    Spells: 10/10 levels left

rFire    + + .     SeeInvis .   n - +2 scimitar
rCold    + . .     Gourm    .   (no shield)
rNeg     + . .     Faith    .   (armour unavailable)
rPois    +         Spirit   .   b - +1 hat
rElec    +         Reflect  .   a - +0 cloak
rCorr    +         Harm     .   o - +0 pair of gloves {archery}
MR       .....                  l - +0 pair of boots (curse)
Stlth    +++++.....             y - amulet of inaccuracy (curse)
HPRegen  0.26/turn              d - ring "Ulodaud" {Fire rN+} (curse)
MPRegen  0.14/turn              g - ring of stealth

@: resistant, heroism
A: breathe frost, unfitting armour, cold resistance 1, cold-blooded, AC +7
a: Breathe Frost, Heroism, Finesse, Renounce Religion


You were on level 9 of the Dungeon.
You worshipped Okawaru.
Okawaru was extremely pleased with you.
You were not hungry.

You visited 2 branches of the dungeon, and saw 10 of its levels.

You collected 660 gold pieces.

Inventory:

Hand Weapons
 n - a +2 scimitar (weapon)
Missiles
 c - 3 throwing nets {=f}
Armour
 a - a +0 cloak (worn)
 b - a +1 hat (worn)
 l - a cursed +0 pair of boots (worn)
 o - a +0 pair of gloves of archery (worn)
Jewellery
 d - the cursed ring "Ulodaud" (left hand) {Fire rN+}
   (You found it on level 4 of the Dungeon)

   [ring of fire]

   It enhances your fire magic.
   It protects you from fire.
   It makes you vulnerable to cold.
   It protects you from negative energy.
   It has a curse placed upon it.
 g - a ring of stealth (right hand)
 t - an uncursed amulet of the acrobat {unknown}
 y - a cursed amulet of inaccuracy (around neck)
Wands
 k - a wand of clouds (3)
 q - a wand of scattershot (2)
 x - a wand of digging (3)
Scrolls
 f - a scroll of enchant armour
 h - 4 scrolls of immolation
 p - a scroll of magic mapping
 v - a scroll of teleportation
 w - a scroll of fear
Potions
 i - a potion of haste {unknown}
 j - a potion of brilliance
 r - 3 potions of flight
 s - a potion of agility {unknown}
 u - a potion of resistance
Comestibles
 e - 14 rations {!d}


   Skills:
 - Level 10.0(15.0) Fighting
 + Level 11.4(16.4) Long Blades
 - Level 2.0(7.0) Throwing
 + Level 8.7(13.7) Dodging
 + Level 2.0 Invocations
 + Level 5.5 Evocations


You had 10 spell levels left.
You didn't know any spells.
Your spell library contained the following spells:

 Spells                   Type           Power        Failure   Level  Hunger
 Shock                    Conj/Air       #....        34%         1    None
 Sting                    Conj/Pois      #...         34%         1    None
 Conjure Flame            Conj/Fire      #.......     71%         3    #####..
 Mephitic Cloud           Conj/Pois/Air  #.......     71%         3    #####..
 Stone Arrow              Conj/Erth      #.....       71%         3    #####..
 Fire Storm               Conj/Fire      #.........   100%        9    #######


Dungeon Overview and Level Annotations

Branches:
Dungeon (9/12)             Temple (1/1) D:5            Lair (0/6) D:8
    Orc: D:8-11

Altars:
Cheibriados
Gozag
Lugonu
Nemelex Xobeh
Okawaru
Ru
Trog
Vehumet
Xom

Annotations:
D:4 1 transporter
D:6 1 runed door
D:9 Gastronok


Innate Abilities, Weirdness & Mutations

You can breathe waves of freezing cold.
You can buffet flying creatures when you breathe cold.
Your icy white scales are hard. (AC +7)
You cannot fit into any form of body armour.
Your flesh is cold resistant. (rC+)
You are cold-blooded and may be slowed by cold attacks.


Message History

Gastronok's eyestalks quiver as he mumbles some strange words.
Gastronok closely misses you.
You slash Gastronok!
Gastronok is heavily wounded.
You slash Gastronok!
Gastronok is severely wounded.
Gastronok bites you!!
* * * LOW HITPOINT WARNING * * *
You hear a shout!
Okay, then.
It was a potion of resistance.
You feel protected.
Gastronok's eyestalks quiver as he mumbles some strange words.
No path to travel!
You hit Gastronok.
You tail-slap Gastronok, but do no damage.
Gastronok is severely wounded.
The quokka disappears in a puff of smoke!
You block the bat's attack. Gastronok bites you!!
You die...

..### .##.###.# #/.##..
....##...###...#.
....##..........5
....##........w#
...............# ###
..##..........5# ...##
...............###....##
...............#@b......
........).....#w.ยง......
..............#..##..#..
...............r.# .#
.....#.##...##.### ..
.....##.....#.## ##
#................
.......).........
............#####


You could see Gastronok, a quokka and a bat.

Vanquished Creatures
  A centaur warrior (D:8)
  Pikel (D:8)
  Joseph (D:8)
  A centaur skeleton (D:7)
  A kobold demonologist (D:8)
  A tengu conjurer (D:8)
  A troll (D:5)
  3 hornets
  Sigmund (D:6)
  A shadow (D:8)
  A vampire (D:9)
  A human (D:7)
  A wyvern (D:8)
  A yak (D:8)
  4 hogs
  Menkaure (D:4)
  Duvessa (D:4)
  An ice beast (D:5)
  2 sky beasts
  3 phantoms
  10 orc warriors
  2 black bears (D:8)
  A hornet zombie (D:8)
  A necrophage (D:6)
  2 centaurs
  4 ogres
  2 bullfrogs
  3 big kobolds (D:7)
  Dowan (D:4)
  A wyvern zombie (D:8)
  A scorpion (D:5)
  A wyvern skeleton (D:7)
  A water moccasin skeleton (D:3)
  8 killer bees
  A wight (D:6)
  8 howler monkeys
  3 orc priests (D:8)
  3 crimson imps
  A quasit (D:7)
  A bullfrog zombie (D:9)
  3 hounds
  12 orc wizards
  3 bullfrog skeletons
  An iguana (D:4)
  5 worker ants
  A howler monkey zombie (D:5)
  A worker ant zombie (D:6)
  Robin (D:4)
  10 adders
  2 shadow imps
  3 oozes
  2 adder skeletons
  3 worms
  2 dart slugs (D:3)
  3 leopard geckos
  33 orcs
  15 goblins
  8 hobgoblins
  23 kobolds
  4 quokkas
  6 bats
  4 frilled lizards
  A jackal zombie (D:5)
  4 rats
  A fungus (D:8)
234 creatures vanquished.

Vanquished Creatures (others)
  3 slaves (D:8)
  An orc warrior (D:8)
  An orc priest (D:8)
  An orc wizard (D:8)
  6 orcs (D:8)
  2 fungi (D:8)
14 creatures vanquished.

Grand Total: 248 creatures vanquished

Notes
Turn   | Place    | Note
-------+----------+-------------------------------------------
     0 | D:1      | KristoblXynda the Draconian Gladiator began the quest for
                  | the Orb.
     0 | D:1      | Reached XP level 1. HP: 19/19 MP: 1/1
   360 | D:1      | Reached XP level 2. HP: 16/26 MP: 2/2
  1020 | D:2      | Reached XP level 3. HP: 32/33 MP: 3/3
  1530 | D:3      | Reached skill level 4 in Long Blades
  1530 | D:3      | Reached XP level 4. HP: 17/40 MP: 4/4
  1954 | D:3      | Found a corrupted altar of Lugonu.
  1955 | D:3      | Found a sacrificial altar of Ru.
  2157 | D:3      | Reached XP level 5. HP: 32/46 MP: 5/5
  2691 | D:4      | Got a coiled amber ring
  2711 | D:4      | Noticed Robin
  2891 | D:4      | Killed Robin
  3017 | D:4      | Reached skill level 5 in Long Blades
  3038 | D:4      | Reached XP level 6. HP: 37/53 MP: 6/6
  3272 | D:4      | Found a sparkling altar of Nemelex Xobeh.
  3272 | D:4      | Found a transporter.
  3272 | D:4      | Noticed a yak
  3383 | D:4      | Noticed Duvessa
  3392 | D:4      | Noticed Dowan
  3420 | D:4      | Killed Duvessa
  3421 | D:4      | Reached skill level 5 in Fighting
  3440 | D:4      | Killed Dowan
  3486 | D:4      | Identified the cursed ring "Ulodaud" {Fire rN+} (You found
                  | it on level 4 of the Dungeon)
  3499 | D:4      | Your scales start taking on an icy white colour.
  3499 | D:4      | Reached XP level 7. HP: 61/61 MP: 7/7
  3499 | D:4      | Gained mutation: Your flesh is cold resistant. (rC+) [White
                  | Draconian growth]
  3562 | D:4      | Reached skill level 6 in Long Blades
  3642 | D:4      | Noticed Menkaure
  3650 | D:4      | Killed Menkaure
  4134 | D:5      | Entered Level 5 of the Dungeon
  4318 | D:5      | Reached skill level 7 in Long Blades
  4338 | D:5      | Found a staircase to the Ecumenical Temple.
  4355 | Temple   | Entered the Ecumenical Temple
  4399 | Temple   | Became a worshipper of Warmaster Okawaru
  4423 | D:5      | Reached XP level 8. HP: 49/70 MP: 8/8
  4430 | D:5      | Reached skill level 5 in Dodging
  4841 | D:5      | Noticed a troll
  4889 | D:5      | Killed a troll
  4889 | D:5      | Reached * piety under Okawaru
  4890 | D:5      | Reached skill level 8 in Long Blades
  5829 | D:6      | Reached XP level 9. HP: 17/79 MP: 9/9
  5835 | D:6      | Reached skill level 9 in Long Blades
  6105 | D:6      | Noticed Sigmund
  6118 | D:6      | Killed Sigmund
  6118 | D:6      | Reached ** piety under Okawaru
  6300 | D:6      | Found a runed door.
  6825 | D:7      | Reached skill level 10 in Long Blades
  7077 | D:7      | Reached skill level 1 in Evocations
  7101 | D:6      | Reached *** piety under Okawaru
  7259 | D:7      | Reached XP level 10. HP: 63/90 MP: 11/11
  7550 | D:7      | Reached **** piety under Okawaru
  8721 | D:8      | Noticed Pikel
  9025 | D:8      | Killed Pikel
  9200 | D:8      | Reached skill level 11 in Long Blades
  9307 | D:8      | Found a staircase to the Lair.
  9513 | D:8      | Noticed Joseph
  9521 | D:8      | Reached ***** piety under Okawaru
  9537 | D:8      | Killed Joseph
  9611 | D:8      | Reached XP level 11. HP: 29/99 MP: 14/14
  9742 | D:8      | Identified the Volume of Conjuration
  9868 | D:8      | Reached skill level 10 in Fighting
  9868 | D:8      | Reached skill level 5 in Evocations
 10104 | D:8      | Found a runed door.
 10432 | D:8      | Noticed a centaur warrior
 10435 | D:8      | Received a gift from Okawaru
 10436 | D:8      | Reached skill level 1 in Invocations
 10440 | D:8      | Killed a centaur warrior
 10849 | D:9      | Noticed Gastronok
 10875 | D:9      | Demolished by Gastronok

Skill      XL: |  1  2  3  4  5  6  7  8  9 10 11 |
---------------+----------------------------------+-----
Throwing       | 2 |  2.0
Dodging        | 3 4 5 7 8 |  8.7
Fighting       | 4 5 6 7 8 9 10 | 10.0
Long Blades    | 4 5 7 8 10 11 | 11.4
Evocations     | 2 4 5 |  5.5
Invocations    | 2 |  2.0

Action                   |  1- 3 |  4- 6 |  7- 9 | 10-12 || total
-------------------------+-------+-------+-------+-------++-------
Melee: Long sword        |   129 |    84 |       |       ||   213
       Tailslap          |    11 |    20 |    63 |    65 ||   159
       Scimitar          |       |   104 |   409 |   416 ||   929
Invok: Heroism           |       |       |     1 |     2 ||     3
 Abil: Breathe Frost     |       |       |     6 |     7 ||    13
Evoke: Wand              |       |       |    16 |     3 ||    19
  Use: Scroll            |     2 |     5 |     3 |     5 ||    15
       Potion            |       |     1 |     1 |     4 ||     6
 Stab: Sleeping          |       |       |     1 |     5 ||     6
       Paralysed         |       |       |    21 |       ||    21
       Confused          |       |       |       |     1 ||     1
  Eat: Chunk             |     4 |    10 |    14 |    20 ||    48
       Ration            |       |     1 |     2 |     1 ||     4
Armor: Skin              |    36 |    53 |   152 |    89 ||   330
Dodge: Dodged            |    95 |   137 |   331 |   273 ||   836
Block: Other             |     1 |     5 |    38 |    38 ||    82
